 Dungeon Sprint DCSS version 0.21.2 (webtiles) character file.

9 Fang the Skirmisher (level 2, -5/30 HPs)
             Began as a Gargoyle Berserker on Oct 24, 2018.
             Was a Believer of Trog.
             Slain by Blork the orc
             ... wielding a +0 glaive
              (8 damage)
             ... in the Dungeon (Sprint VII: "The Pits").
             The game lasted 00:00:24 (226 turns).

Fang the Skirmisher (Gargoyle Berserker)             Turns: 226, Time: 00:00:24

Health: -5/30      AC:  5    Str: 25    XL:     2   Next: 16%
Magic:  2/2        EV: 12    Int:  7    God:    Trog [**....]
Gold:   0          SH:  0    Dex:  9    Spells: 1/1 levels left

rFire    . . .     SeeInvis .   j - +2 hand axe
rCold    . . .     Gourm    .   (no shield)
rNeg     + . .     Faith    .   b - +0 animal skin
rPois    ∞         Spirit   .   (no helmet)
rElec    +         Reflect  .   (no cloak)
rCorr    .         Harm     .   (no gloves)
MR       .....     NoTele   +   (no boots)
Stlth    ..........             (no amulet)
HPRegen  0.10/turn              (no ring)
MPRegen  0.08/turn              (no ring)

@: berserking, very quick
A: negative energy resistance 1, electricity resistance, unbreathing,
petrification resistance, rot immunity, AC +2
a: Berserk, Trog's Hand, Burn Spellbooks, Renounce Religion


You were in the Dungeon.
You worshipped Trog.
Trog was pleased with you.
You were not hungry.

You visited 1 branch

Inventory:

Hand Weapons
 j - a +2 hand axe (weapon)
Armour
 b - a +0 animal skin (worn)
Scrolls
 i - a scroll of blinking
 k - 3 scrolls of remove curse
 l - a scroll of summoning
Potions
 a - 2 potions of invisibility
 d - a potion of curing
 e - a potion of heal wounds
 f - a potion of haste
 g - 4 potions of magic
 h - 3 potions of berserk rage
Comestibles
 c - 9 rations


   Skills:
 + Level 4.3 Fighting
 + Level 3.6 Axes
 + Level 2.6 Armour
 + Level 1.9 Dodging


You had one spell level left.
You didn't know any spells.

Dungeon Overview and Level Annotations

Branches:
Dungeon (1/1)

Altars:
Cheibriados
Dithmenos
Elyvilon
Fedhas
Gozag
Hepliaklqana
Makhleb
Nemelex Xobeh
Okawaru
Qazlal
Ru
Sif Muna
Trog
Vehumet
Wu Jian
Xom
Yredelemnul
Zin
The Shining One
Beogh
Jiyva
Lugonu

Annotations:
D Blork the orc


Innate Abilities, Weirdness & Mutations

You are resistant to torment.
Your stone body is resilient. (AC +2)
You are immune to poison.
You resist negative energy. (rN+)
You are resistant to electric shocks. (rElec)
You can survive without breathing.
You are immune to petrification.
You are immune to rotting.


Message History

The floating eye seems to glare at you.
The frilled lizard hisses angrily.
Blork the orc points at you and mumbles some strange words.
The puff of flame hits you! The ooze hits you.
Blork the orc begins to cast a cantrip, but forgets the words!
The ooze barely misses you.
You can move again.
Unknown command.
A red film seems to cover your vision as you go berserk!
You feel yourself moving faster!
You feel mighty!
You feel a lot more hungry.
Blork the orc hits you from afar with a glaive!
* * * LOW HITPOINT WARNING * * *
The frilled lizard misses you. The ooze hits you but does no damage.
You hit the frilled lizard.
You kill the frilled lizard!
Trog accepts your kill.
You hit the ooze. You barely miss the floating eye.
The ooze closely misses you.
Blork the orc hits you from afar with a glaive!
You die...

##########.##...........
#...........'...........
#+#####'#####......#..#.
#.....##...........
#####'#####'#####++
#.....##.......#
#.....##.......#
###'####.......#
#o†@G.##...<...#
#......J.##.......#
#........##.......#
###########.......#
#########


You could see Blork the orc, a floating eye and an ooze.

Vanquished Creatures
  An ufetubus (D)
  A bat skeleton (D)
  A bat (D)
  2 frilled lizards (D)
  A leopard gecko skeleton (D)
6 creatures vanquished.

Notes
Turn   | Place    | Note
-------+----------+-------------------------------------------
     0 | D        | Fang the Gargoyle Berserker began the quest for the Orb.
     0 | D        | Reached XP level 1. HP: 14/14 MP: 1/1
    18 | D        | Found a bloodstained altar of Trog.
    18 | D        | Found a deep blue altar of Sif Muna.
    18 | D        | Found a viscous altar of Jiyva.
    18 | D        | Found a hazy altar of Hepliaklqana.
    18 | D        | Found an opulent altar of Gozag.
    19 | D        | Found a glowing golden altar of the Shining One.
    19 | D        | Found a glowing silver altar of Zin.
    19 | D        | Found a basalt altar of Yredelemnul.
    19 | D        | Found a shimmering altar of Xom.
    19 | D        | Found an ornate altar of the Wu Jian Council.
    19 | D        | Found a sacrificial altar of Ru.
    19 | D        | Found a stormy altar of Qazlal.
    19 | D        | Found an iron altar of Okawaru.
    19 | D        | Found a sparkling altar of Nemelex Xobeh.
    19 | D        | Found a burning altar of Makhleb.
    19 | D        | Found a blossoming altar of Fedhas.
    19 | D        | Found a white marble altar of Elyvilon.
    19 | D        | Found a shadowy altar of Dithmenos.
    19 | D        | Found a snail-covered altar of Cheibriados.
    21 | D        | Found a radiant altar of Vehumet.
    21 | D        | Found a corrupted altar of Lugonu.
    21 | D        | Found a roughly hewn altar of Beogh.
    74 | D        | Reached ** piety under Trog
    74 | D        | Reached skill level 4 in Fighting
    74 | D        | Reached XP level 2. HP: 13/20 MP: 2/2
   219 | D        | Noticed a floating eye
   220 | D        | Noticed Blork the orc
   221 | D        | Paralysed by a floating eye for 4 turns
   226 | D        | Slain by Blork the orc

Skill      XL: |  1 |
---------------+----+-----
Axes           | 3 |  3.6
Fighting       | 4 |  4.3
Armour         | |  2.6
Dodging        | |  1.9

Action                   || total
-------------------------++-------
Melee: Hand axe          ||     8
Invok: Berserk           ||     1
Armor: Animal skin       ||     5
Dodge: Dodged            ||     8
